| TOP OF THE 1ST |
|
Fort Wayne TinCaps batting - Pitching for Binghamton Mets : RHP Francis Cornick
|
|
Pitching: RHP Francis Cornick
|
|
|
Batting: RHB Dave McBain
|
0-0: Ball 1-0: Ground out 5-3 (Groundball, 5, EV 78.1 MPH)
|
|
Batting: LHB James McCauley
|
0-0: Fly out, F6 (Popup, 6MD, EV 45.6 MPH)
|
|
Batting: RHB Eric McMillian
|
0-0: Called Strike 0-1: Fly out, F9 (Flyball, 9S, EV 97.5 MPH)
|
| Top of the 1st over - 0 runs, 0 hits, 0 errors, 0 left on base; Fort Wayne 0 - Binghamton 0 |
| BOTTOM OF THE 1ST |
|
Binghamton Mets batting - Pitching for Fort Wayne TinCaps : RHP Rogelio Nunez
|
|
Pitching: RHP Rogelio Nunez
|
|
|
Batting: RHB Oscar Bravo
|
0-0: Ground out 4-3 (Groundball, 4MD, EV 90.0 MPH)
|
|
Batting: RHB Jack Nickleberry
|
0-0: Ball 1-0: Called Strike 1-1: Swinging Strike 1-2: Ball 2-2: Foul Ball, location: 2F 2-2: Strikes out swinging
|
|
Batting: RHB Jose Lara
|
0-0: Ball 1-0: Foul Ball, location: 2F 1-1: Ground out U3 (Groundball, 34, EV 102.5 MPH)
|
| Bottom of the 1st over - 0 runs, 0 hits, 0 errors, 0 left on base; Fort Wayne 0 - Binghamton 0 |
| TOP OF THE 2ND |
|
Fort Wayne TinCaps batting - Pitching for Binghamton Mets : RHP Francis Cornick
|
|
Batting: LHB Tony Contreras
|
0-0: Ball 1-0: Foul Ball, location: 2F 1-1: Reached on error, E6 (Groundball, 6, EV 102.5 MPH)
|
|
Batting: LHB Hugo MacBeth
|
0-0: Called Strike 0-1: Foul Ball, location: 2F 0-2: Fielders Choice at 2nd, 4-6 (Groundball, 4M, EV 82.5 MPH)
|
|
Batting: RHB Tim Seggerman
|
0-0: Ball 1-0: Foul Ball, location: 2F 1-1: Ball 2-1: Swinging Strike 2-2: Ball 3-2: DOUBLE (Line Drive, 78XD, EV 107.5 MPH) Hugo MacBeth to third Runner from 3rd tries for Home, SAFE, throw by LF to trailing runner, OUT at third! 7-3-5
|
|
Batting: LHB Jeff Trapp
|
0-0: Called Strike 0-1: Fly out, F7 (Flyball, 78S, EV 95.6 MPH)
|
| Top of the 2nd over - 1 run, 1 hit, 1 error, 0 left on base; Fort Wayne 1 - Binghamton 0 |
| BOTTOM OF THE 2ND |
|
Binghamton Mets batting - Pitching for Fort Wayne TinCaps : RHP Rogelio Nunez
|
|
Now at 3B: Rich Justice
|
|
|
Batting: SHB Masatoshi Akahoshi
|
0-0: Ball 1-0: Called Strike 1-1: Foul Ball, location: 2F 1-2: Strikes out looking
|
|
Batting: SHB Alex Cavazos
|
0-0: Ground out 3-1 (Groundball, 34, EV 98.8 MPH)
|
|
Batting: RHB Chris Artz
|
0-0: Swinging Strike 0-1: Called Strike 0-2: Ball 1-2: Foul Ball, location: 2F 1-2: Strikes out swinging
|
| Bottom of the 2nd over - 0 runs, 0 hits, 0 errors, 0 left on base; Fort Wayne 1 - Binghamton 0 |
| TOP OF THE 3RD |
|
Fort Wayne TinCaps batting - Pitching for Binghamton Mets : RHP Francis Cornick
|
|
Batting: LHB Rogelio Nunez
|
0-0: Fly out, F9 (Flyball, 9, EV 81.9 MPH)
|
|
Batting: RHB Jerry Garcez
|
0-0: Foul Ball, location: 2F 0-1: Ball 1-1: Foul Ball, location: 2F 1-2: Ball 2-2: Ball 3-2: Ground out 6-3 (Groundball, 56, EV 80.6 MPH)
|
|
Batting: RHB Dave McBain
|
0-0: Ball 1-0: Ball 2-0: Foul Ball, location: 2F 2-1: Ball 3-1: Foul Ball, location: 2F 3-2: Fly out, F4 (Popup, 3D, EV 51.9 MPH)
|
| Top of the 3rd over - 0 runs, 0 hits, 0 errors, 0 left on base; Fort Wayne 1 - Binghamton 0 |
| BOTTOM OF THE 3RD |
|
Binghamton Mets batting - Pitching for Fort Wayne TinCaps : RHP Rogelio Nunez
|
|
Batting: SHB Jerry Burrows
|
0-0: Foul Ball, location: 2F 0-1: Swinging Strike 0-2: Ball 1-2: Ball 2-2: Strikes out looking
|
|
Batting: SHB Keith Casner
|
0-0: Foul Ball, location: 2F 0-1: Called Strike 0-2: Strikes out swinging
|
|
Batting: RHB Jim Freels
|
0-0: Ball 1-0: Ground out 4-3 (Groundball, 4, EV 98.1 MPH)
|
| Bottom of the 3rd over - 0 runs, 0 hits, 0 errors, 0 left on base; Fort Wayne 1 - Binghamton 0 |
| TOP OF THE 4TH |
|
Fort Wayne TinCaps batting - Pitching for Binghamton Mets : RHP Francis Cornick
|
|
Batting: LHB James McCauley
|
0-0: Called Strike 0-1: Ball 1-1: Ground out 6-3 (Groundball, 6M, EV 98.8 MPH)
|
|
Batting: RHB Eric McMillian
|
0-0: Called Strike 0-1: Foul Ball, location: 2F 0-2: SINGLE (Flyball, 56D, EV 88.1 MPH)
|
|
Batting: LHB Tony Contreras
|
0-0: Called Strike 0-1: Swinging Strike 0-2: Ball 1-2: Foul Ball, location: 2F 1-2: Strikes out swinging
|
|
Batting: LHB Hugo MacBeth
|
0-0: 2-RUN HOME RUN (Flyball, 9D, EV 95.6 MPH), Distance : 372 ft
|
|
Batting: RHB Rich Justice
|
0-0: Ball 1-0: Ball 2-0: SINGLE (Groundball, 4MD, EV 108.8 MPH)
|
|
Batting: LHB Jeff Trapp
|
0-0: SINGLE (Groundball, 4MD, EV 105.0 MPH) Rich Justice to second Runner from 2nd tries for 3rd, SAFE, throw by CF made to third
|
|
Batting: LHB Rogelio Nunez
|
0-0: Called Strike Jeff Trapp steals 2nd base 0-1: Called Strike 0-2: Ground out 4-3 (Groundball, 34, EV 100.0 MPH)
|
| Top of the 4th over - 2 runs, 4 hits, 0 errors, 2 left on base; Fort Wayne 3 - Binghamton 0 |
| BOTTOM OF THE 4TH |
|
Binghamton Mets batting - Pitching for Fort Wayne TinCaps : RHP Rogelio Nunez
|
|
Batting: RHB Oscar Bravo
|
0-0: Ball 1-0: Foul Ball, location: 2F 1-1: Called Strike 1-2: Foul Ball, location: 2F 1-2: Ball 2-2: Ground out 1-3 (Groundball, 13S, EV 63.8 MPH)
|
|
Batting: RHB Jack Nickleberry
|
0-0: Ball 1-0: Ball 2-0: Ball 3-0: Base on Balls
|
|
Batting: RHB Jose Lara
|
0-0: Fielders Choice at 2nd, 6-4 (Groundball, 6M, EV 88.8 MPH)
|
|
Batting: SHB Masatoshi Akahoshi
|
0-0: Ball 1-0: Ball 2-0: SINGLE (Groundball, 34D, EV 97.5 MPH) Jose Lara to second Runner from 2nd tries for 3rd, SAFE, throw by RF made to third
|
|
Batting: SHB Alex Cavazos
|
0-0: Ball 1-0: SINGLE (Groundball, 6MD, EV 94.4 MPH) Jose Lara scores Masatoshi Akahoshi to second Runner from 2nd tries for 3rd, SAFE, throw by CF made to third
|
|
Batting: RHB Chris Artz
|
0-0: Ball Alex Cavazos steals 2nd base 1-0: Ball 2-0: Called Strike 2-1: Reached on error, E5 (Groundball, 56S, EV 83.8 MPH) Masatoshi Akahoshi scores Alex Cavazos to third
|
|
Batting: SHB Jerry Burrows
|
0-0: Ball 1-0: Foul Ball, location: 2F 1-1: Foul Ball, location: 2F 1-2: Ball 2-2: Strikes out swinging
|
| Bottom of the 4th over - 2 runs, 2 hits, 1 error, 2 left on base; Fort Wayne 3 - Binghamton 2 |
| TOP OF THE 5TH |
|
Fort Wayne TinCaps batting - Pitching for Binghamton Mets : RHP Francis Cornick
|
|
Batting: RHB Jerry Garcez
|
0-0: SINGLE (Groundball, 56D, EV 105.0 MPH)
|
|
Batting: RHB Dave McBain
|
0-0: Called Strike 0-1: Ball 1-1: Called Strike 1-2: Ball 2-2: Ball 3-2: Fly out, F7 (Line Drive, 7S, EV 95.6 MPH)
|
|
Batting: LHB James McCauley
|
0-0: Ball 1-0: Reached on error, E4 (Groundball, 4, EV 104.4 MPH) Jerry Garcez to second
|
|
Batting: RHB Eric McMillian
|
0-0: Called Strike 0-1: Ball 1-1: Fly out, F8 (Flyball, 8RD, EV 91.9 MPH)
|
|
Batting: LHB Tony Contreras
|
0-0: Called Strike 0-1: Ball 1-1: Called Strike 1-2: TRIPLE (Flyball, 89XD, EV 98.1 MPH) Jerry Garcez scores James McCauley scores
|
|
Pitching: RHP Felipe Hinojosa
|
|
|
Batting: LHB Hugo MacBeth
|
0-0: Called Strike 0-1: Swinging Strike 0-2: Strikes out swinging
|
| Top of the 5th over - 2 runs, 2 hits, 1 error, 1 left on base; Fort Wayne 5 - Binghamton 2 |
| BOTTOM OF THE 5TH |
|
Binghamton Mets batting - Pitching for Fort Wayne TinCaps : RHP Rogelio Nunez
|
|
Batting: SHB Keith Casner
|
0-0: Called Strike 0-1: Foul Ball, location: 2F 0-2: Ball 1-2: Ball 2-2: Strikes out looking
|
|
Batting: RHB Jim Freels
|
0-0: Called Strike 0-1: DOUBLE (Line Drive, 9LM, EV 98.8 MPH)
|
|
Batting: RHB Oscar Bravo
|
0-0: DOUBLE (Line Drive, 89D, EV 103.1 MPH) Jim Freels scores
|
|
Batting: RHB Jack Nickleberry
|
0-0: Ball 1-0: Ball 2-0: Ground out 6-3 (Groundball, 6, EV 102.5 MPH)
|
|
Batting: RHB Jose Lara
|
0-0: SINGLE (Line Drive, 4MD, EV 101.9 MPH) Oscar Bravo to third Runner from 3rd tries for Home, throw by CF and OUT! 8-2
|
| Bottom of the 5th over - 1 run, 3 hits, 0 errors, 1 left on base; Fort Wayne 5 - Binghamton 3 |
| TOP OF THE 6TH |
|
Fort Wayne TinCaps batting - Pitching for Binghamton Mets : RHP Felipe Hinojosa
|
|
Batting: RHB Rich Justice
|
0-0: Bunted foul 0-1: Ground out 5-3 (Groundball, 56, EV 76.9 MPH)
|
|
Batting: LHB Jeff Trapp
|
0-0: Swinging Strike 0-1: Ball 1-1: Called Strike 1-2: Ball 2-2: Strikes out swinging
|
|
Batting: LHB Rogelio Nunez
|
0-0: Ground out 6-3 (Groundball, 6, EV 76.9 MPH)
|
| Top of the 6th over - 0 runs, 0 hits, 0 errors, 0 left on base; Fort Wayne 5 - Binghamton 3 |
| BOTTOM OF THE 6TH |
|
Binghamton Mets batting - Pitching for Fort Wayne TinCaps : RHP Rogelio Nunez
|
|
Batting: SHB Masatoshi Akahoshi
|
0-0: Called Strike 0-1: Foul Ball, location: 2F 0-2: Ball 1-2: Foul Ball, location: 2F 1-2: Strikes out looking
|
|
Batting: SHB Alex Cavazos
|
0-0: Ball 1-0: Ball 2-0: Called Strike 2-1: Called Strike 2-2: Foul Ball, location: 2F 2-2: Foul Ball, location: 2F 2-2: Ball 3-2: Strikes out looking
|
|
Batting: RHB Chris Artz
|
0-0: Foul Ball, location: 2F 0-1: Foul Ball, location: 2F 0-2: Strikes out swinging
|
| Bottom of the 6th over - 0 runs, 0 hits, 0 errors, 0 left on base; Fort Wayne 5 - Binghamton 3 |
| TOP OF THE 7TH |
|
Fort Wayne TinCaps batting - Pitching for Binghamton Mets : RHP Felipe Hinojosa
|
|
Batting: RHB Jerry Garcez
|
0-0: Ball 1-0: Ball 2-0: Ball 3-0: Base on Balls
|
|
Batting: RHB Dave McBain
|
0-0: Ball 1-0: Bunted foul 1-1: Bunted foul 1-2: Ball 2-2: Ball 3-2: Foul Ball, location: 2F 3-2: Base on Balls Jerry Garcez to second
|
|
Batting: LHB James McCauley
|
0-0: Called Strike 0-1: Ball 1-1: Ball 2-1: Foul Ball, location: 2F 2-2: Strikes out looking
|
|
Batting: RHB Eric McMillian
|
0-0: Grounds into double play, 3-6-3 (Groundball, 3, EV 100.6 MPH)
|
| Top of the 7th over - 0 runs, 0 hits, 0 errors, 1 left on base; Fort Wayne 5 - Binghamton 3 |
| BOTTOM OF THE 7TH |
|
Binghamton Mets batting - Pitching for Fort Wayne TinCaps : RHP Rogelio Nunez
|
|
Pitching: RHP Ethan Massey
|
|
|
Now at 2B: Brett Steele
|
|
|
Batting: SHB Jerry Burrows
|
0-0: Called Strike 0-1: Foul Ball, location: 2F 0-2: Ball 1-2: Foul Ball, location: 2F 1-2: Ball 2-2: DOUBLE (Line Drive, 78D, EV 113.1 MPH)
|
|
Batting: SHB Keith Casner
|
0-0: Ball 1-0: Ball 2-0: Foul Ball, location: 2F 2-1: Ball 3-1: Swinging Strike 3-2: Strikes out looking
|
|
Batting: RHB Jim Freels
|
0-0: Ball 1-0: Called Strike 1-1: Foul Ball, location: 2F 1-2: Ball 2-2: Strikes out looking
|
|
Batting: RHB Oscar Bravo
|
0-0: Ball 1-0: Swinging Strike 1-1: Called Strike 1-2: Foul Ball, location: 2F 1-2: Strikes out swinging
|
| Bottom of the 7th over - 0 runs, 1 hit, 0 errors, 1 left on base; Fort Wayne 5 - Binghamton 3 |
| TOP OF THE 8TH |
|
Fort Wayne TinCaps batting - Pitching for Binghamton Mets : RHP Felipe Hinojosa
|
|
Pitching: RHP Jason Horvath
|
|
|
Batting: LHB Tony Contreras
|
0-0: Called Strike 0-1: Ball 1-1: Called Strike 1-2: Ball 2-2: Fly out, F8 (Flyball, 8LD, EV 86.9 MPH)
|
|
Batting: LHB Hugo MacBeth
|
0-0: Ball 1-0: Called Strike 1-1: Called Strike 1-2: Ball 2-2: Ball 3-2: DOUBLE (Line Drive, 9LD, EV 102.5 MPH)
|
|
Batting: RHB Rich Justice
|
0-0: Ground out 6-3 (Groundball, 6S, EV 83.1 MPH)
|
|
Batting: LHB Jeff Trapp
|
0-0: Ground out 3-1 (Groundball, 34, EV 83.8 MPH)
|
| Top of the 8th over - 0 runs, 1 hit, 0 errors, 1 left on base; Fort Wayne 5 - Binghamton 3 |
| BOTTOM OF THE 8TH |
|
Binghamton Mets batting - Pitching for Fort Wayne TinCaps : RHP Ethan Massey
|
|
Pitching: RHP Eric Fragoso
|
|
|
Batting: RHB Jack Nickleberry
|
0-0: Ball 1-0: Ball 2-0: Ground out 3-1 (Groundball, 34, EV 82.5 MPH)
|
|
Batting: RHB Jose Lara
|
0-0: Ball 1-0: Ground out 4-3 (Groundball, 4, EV 102.5 MPH)
|
|
Batting: SHB Masatoshi Akahoshi
|
0-0: Ball 1-0: Called Strike 1-1: Called Strike 1-2: Strikes out swinging
|
| Bottom of the 8th over - 0 runs, 0 hits, 0 errors, 0 left on base; Fort Wayne 5 - Binghamton 3 |
| TOP OF THE 9TH |
|
Fort Wayne TinCaps batting - Pitching for Binghamton Mets : RHP Jason Horvath
|
|
Batting: LHB Rogelio Nunez
|
0-0: Called Strike 0-1: Ball 1-1: Ball 2-1: Foul Ball, location: 2F 2-2: Strikes out swinging
|
|
Batting: RHB Jerry Garcez
|
0-0: Called Strike 0-1: Swinging Strike 0-2: Ball 1-2: Ground out 4-3 (Groundball, 4, EV 94.4 MPH)
|
|
Batting: RHB Dave McBain
|
0-0: Called Strike 0-1: Fly out, F9 (Flyball, 89M, EV 99.4 MPH)
|
| Top of the 9th over - 0 runs, 0 hits, 0 errors, 0 left on base; Fort Wayne 5 - Binghamton 3 |
| BOTTOM OF THE 9TH |
|
Binghamton Mets batting - Pitching for Fort Wayne TinCaps : RHP Eric Fragoso
|
|
Pitching: RHP Eddie Starks
|
|
|
Batting: SHB Alex Cavazos
|
0-0: Foul Ball, location: 2F 0-1: SINGLE (Groundball, 34D, EV 100.0 MPH)
|
|
Batting: RHB Chris Artz
|
0-0: Called Strike 0-1: Called Strike 0-2: Ball 1-2: Strikes out swinging
|
|
Batting: SHB Jerry Burrows
|
0-0: Ball 1-0: Foul Ball, location: 2F 1-1: Called Strike 1-2: Ball 2-2: Foul Ball, location: 2F 2-2: Strikes out swinging
|
|
Batting: SHB Keith Casner
|
0-0: Ball Wild Pitch! Alex Cavazos to second 1-0: Ball 2-0: SINGLE (Flyball, 3D, EV 93.8 MPH) Alex Cavazos to third
|
|
Batting: RHB Jim Freels
|
0-0: Called Strike 0-1: Ball 1-1: Swinging Strike 1-2: Ball 2-2: Foul Ball, location: 2F 2-2: Foul Ball, location: 2F 2-2: Ball 3-2: Foul Ball, location: 2F 3-2: Strikes out swinging
|
| Bottom of the 9th over - 0 runs, 2 hits, 0 errors, 2 left on base; Fort Wayne 5 - Binghamton 3 |
|